[ AOE2 MATCH · #477808422 ]
UnrankedBritons vs Vietnamese
[ REPLAY ANALYSIS · EXTRACTED FROM THE RECORDED GAME ]
Feudal
10:06
Castle
19:58
Imperial
38:00
| APM avg | 50.6 |
| APM peak | 105 |
| eAPM avg | 16.9 |
| Villagers / military | 120 / 187 |
Focus
⚔️ 42.6% · 🌾 57.4%
Archer ×163 · Trade Cart ×15 · Skirmisher ×14 · Longbowman ×5 · Trebuchet (Packed) ×3 · Monk ×1
Feudal
9:51
Castle
23:03
Imperial
38:46
| APM avg | 38.5 |
| APM peak | 102 |
| eAPM avg | 13.1 |
| Villagers / military | 104 / 154 |
Focus
⚔️ 29.6% · 🌾 70.4%
Skirmisher ×77 · Archer ×73 · Bombard Cannon ×2 · Trebuchet (Packed) ×2
Feudal
11:32
Castle
14:55
Imperial
34:28
| APM avg | 43.1 |
| APM peak | 151 |
| eAPM avg | 15.8 |
| Villagers / military | 145 / 133 |
Focus
⚔️ 22.6% · 🌾 77.4%
Knight ×83 · Scout Cavalry ×20 · Scorpion ×19 · Trade Cart ×6 · Bombard Cannon ×5 · Trebuchet (Packed) ×4
Feudal
11:09
Castle
14:39
Imperial
38:06
| APM avg | 47.3 |
| APM peak | 88 |
| eAPM avg | 19.9 |
| Villagers / military | 136 / 121 |
Focus
⚔️ 32.5% · 🌾 67.5%
Knight ×112 · Skirmisher ×7 · Monk ×1 · Mangonel ×1 · Trade Cart ×1
Match map
Initial resources + every placement click. Lines = walls · curves = elevation contours. ◆ gold · ⬟ stone · ● berries · ✦ relic · ◌ wall gap
Your base· ✓ Closed at 19:58 · 18t walls · 1 gate(s)
Blyatman's base· ✓ Closed at 23:03 · 0t walls · no gate
Gırbanç's base· ✓ Closed at 14:55 · 8t walls · no gate
Mo...'s base· ✓ Closed at 14:39 · 20t walls · 1 gate(s)
Smoothed initial terrain · ◌ = detected wall gap · hover for details
Inputs per minute
— murat - - Blyatman
Build order — murat
First 150 of 280 actions detected
| 0:00 | Create | Villager (Male) ×4 |
| 0:02 | Build | House |
| 0:04 | Build | House |
| 1:18 | Create | Villager (Male) |
| 1:52 | Create | Villager (Male) |
| 2:02 | Create | Villager (Male) |
| 2:28 | Create | Villager (Male) |
| 2:35 | Build | House |
| 2:49 | Create | Villager (Male) |
| 3:07 | Build | Lumber Camp |
| 3:17 | Create | Villager (Male) |
| 3:32 | Create | Villager (Male) |
| 3:46 | Create | Villager (Male) |
| 4:08 | Create | Villager (Male) |
| 4:15 | Create | Villager (Male) |
| 5:23 | Create | Villager (Male) ×3 |
| 5:27 | Create | Villager (Male) |
| 5:35 | Build | House |
| 6:32 | Build | Mill |
| 7:03 | Create | Villager (Male) |
| 7:08 | Create | Villager (Male) |
| 7:12 | Research | Loom |
| 7:26 | Research | Feudal Age |
| 7:45 | Build | Mining Camp |
| 8:05 | Create | Villager (Male) |
| 8:05 | Create | Villager (Male) |
| 8:35 | Build | Barracks |
| 9:34 | Build | Palisade Wall |
| 9:40 | Build | House |
| 9:48 | Build | House |
| 10:06 | Age | Feudal Age |
| 10:10 | Create | Villager (Male) |
| 10:13 | Research | Double-Bit Axe |
| 10:13 | Research | Double-Bit Axe |
| 10:28 | Build | Archery Range |
| 10:34 | Build | House |
| 10:41 | Research | Horse Collar |
| 10:45 | Research | Horse Collar |
| 10:54 | Create | Villager (Male) |
| 10:57 | Create | Villager (Male) |
| 10:57 | Create | Villager (Male) |
| 11:02 | Build | Farm |
| 11:15 | Build | Palisade Gate |
| 11:25 | Create | Archer |
| 11:25 | Create | Archer |
| 11:30 | Create | Spearman |
| 11:33 | Create | Villager (Male) ×5 |
| 11:51 | Build | Blacksmith |
| 12:00 | Create | Archer |
| 12:15 | Create | Archer |
| 12:25 | Build | Farm |
| 12:28 | Build | Farm |
| 12:35 | Create | Villager (Male) |
| 12:44 | Create | Archer |
| 13:26 | Build | Archery Range |
| 13:32 | Build | House |
| 13:41 | Research | Fletching |
| 13:47 | Build | House |
| 14:02 | Research | Padded Archer Armor |
| 14:07 | Create | Archer |
| 14:07 | Create | Archer |
| 14:29 | Create | Archer |
| 14:29 | Create | Archer |
| 14:37 | Build | House |
| 14:42 | Build | Farm |
| 14:45 | Build | Farm |
| 14:51 | Build | Market |
| 15:21 | Build | House |
| 15:22 | Build | House |
| 15:23 | Build | Palisade Wall |
| 15:26 | Create | Villager (Male) |
| 15:34 | Build | Farm |
| 15:56 | Create | Villager (Male) |
| 16:22 | Create | Villager (Male) |
| 16:27 | Build | Farm |
| 16:31 | Create | Villager (Male) |
| 16:35 | Build | Farm |
| 17:01 | Build | Farm |
| 17:03 | Create | Villager (Male) |
| 17:19 | Research | Castle Age |
| 17:19 | Research | Castle Age |
| 17:22 | Build | Farm |
| 17:56 | Research | Gold Mining |
| 18:08 | Research | Gold Mining |
| 18:42 | Create | Archer |
| 18:42 | Create | Archer |
| 18:42 | Create | Archer |
| 18:42 | Create | Archer |
| 18:45 | Create | Villager (Male) ×5 |
| 18:50 | Research | Gold Mining |
| 19:11 | Create | Archer |
| 19:11 | Create | Archer |
| 19:11 | Create | Archer |
| 19:40 | Create | Archer |
| 19:40 | Create | Archer |
| 19:41 | Create | Villager (Male) ×5 |
| 19:53 | Build | Lumber Camp |
| 19:58 | Age | Castle Age |
| 20:05 | Research | Crossbowman (upgrade) |
| 20:28 | Create | Archer |
| 20:28 | Create | Archer |
| 20:40 | Build | Farm |
| 20:45 | Research | Bow Saw |
| 20:45 | Research | Bow Saw |
| 20:47 | Create | Villager (Male) ×5 |
| 20:51 | Research | Gold Shaft Mining |
| 20:57 | Create | Archer |
| 20:57 | Create | Archer |
| 20:57 | Create | Archer |
| 21:09 | Build | Farm |
| 21:18 | Create | Archer |
| 21:20 | Create | Villager (Male) ×3 |
| 21:30 | Research | Bodkin Arrow |
| 21:37 | Build | Town Center |
| 21:46 | Build | Town Center |
| 22:01 | Build | University |
| 22:05 | Create | Villager (Male) |
| 22:05 | Create | Villager (Male) |
| 22:13 | Build | Town Center |
| 22:15 | Create | Villager (Male) ×2 |
| 22:23 | Build | Mining Camp |
| 22:51 | Build | Farm |
| 22:51 | Build | Farm |
| 22:52 | Build | Farm |
| 22:53 | Build | Farm |
| 22:54 | Create | Villager (Male) ×4 |
| 23:03 | Create | Archer ×3 |
| 23:15 | Create | Villager (Male) |
| 23:23 | Build | Farm |
| 23:26 | Build | Farm |
| 23:26 | Build | Farm |
| 23:27 | Build | Farm |
| 23:39 | Build | House |
| 23:40 | Build | House |
| 23:40 | Build | House |
| 23:41 | Build | House |
| 23:57 | Build | Farm |
| 24:00 | Build | House |
| 24:06 | Create | Villager (Male) ×4 |
| 24:12 | Create | Archer ×3 |
| 24:14 | Create | Villager (Male) |
| 25:24 | Create | Archer |
| 25:24 | Create | Archer |
| 25:24 | Create | Archer |
| 25:25 | Create | Archer |
| 25:25 | Create | Archer |
| 25:25 | Create | Archer |
| 25:33 | Build | Archery Range |
| 25:35 | Build | House |
| 25:38 | Create | Villager (Male) ×5 |
Build order — Blyatman
First 150 of 331 actions detected
| 0:00 | Create | Villager (Male) |
| 0:02 | Build | House |
| 0:03 | Build | House |
| 0:08 | Create | Villager (Male) |
| 0:08 | Create | Villager (Male) |
| 0:09 | Create | Villager (Male) |
| 0:09 | Create | Villager (Male) |
| 1:30 | Create | Villager (Male) |
| 2:02 | Create | Villager (Male) |
| 2:09 | Build | Lumber Camp |
| 2:29 | Create | Villager (Male) |
| 3:09 | Create | Villager (Male) |
| 3:09 | Create | Villager (Male) |
| 3:14 | Build | House |
| 4:10 | Create | Villager (Male) |
| 4:16 | Create | Villager (Male) |
| 4:50 | Create | Villager (Male) |
| 4:50 | Create | Villager (Male) |
| 4:55 | Create | Villager (Male) |
| 5:02 | Research | Loom |
| 6:50 | Create | Villager (Male) |
| 6:51 | Create | Villager (Male) |
| 6:56 | Build | Mining Camp |
| 7:41 | Research | Feudal Age |
| 7:55 | Build | House |
| 8:03 | Create | Villager (Male) |
| 8:53 | Build | Barracks |
| 9:11 | Build | House |
| 9:28 | Create | Villager (Male) |
| 9:29 | Create | Villager (Male) |
| 9:51 | Age | Feudal Age |
| 9:56 | Build | Archery Range |
| 9:59 | Build | Archery Range |
| 10:11 | Research | Double-Bit Axe |
| 10:26 | Create | Villager (Male) |
| 10:58 | Build | House |
| 11:00 | Build | House |
| 11:04 | Build | House |
| 11:05 | Build | House |
| 11:08 | Create | Villager (Male) |
| 11:18 | Research | Gold Mining |
| 11:23 | Create | Archer |
| 11:23 | Create | Archer |
| 11:23 | Create | Archer |
| 11:37 | Build | Blacksmith |
| 11:44 | Build | Blacksmith |
| 11:46 | Create | Villager (Male) |
| 11:52 | Create | Archer |
| 11:54 | Create | Villager (Male) |
| 11:58 | Create | Archer |
| 12:14 | Build | Mill |
| 12:25 | Create | Archer |
| 12:25 | Create | Villager (Male) |
| 12:32 | Build | House |
| 12:33 | Build | House |
| 12:40 | Build | House |
| 12:41 | Build | House |
| 12:42 | Build | House |
| 12:43 | Create | Villager (Male) |
| 12:52 | Create | Villager (Male) |
| 13:18 | Create | Villager (Male) |
| 13:19 | Create | Archer |
| 13:20 | Create | Archer |
| 13:57 | Create | Villager (Male) |
| 13:59 | Create | Archer |
| 13:59 | Create | Archer |
| 14:07 | Build | Farm |
| 14:17 | Create | Villager (Male) |
| 14:28 | Create | Villager (Male) |
| 14:32 | Build | Farm |
| 14:35 | Create | Archer |
| 14:35 | Create | Archer |
| 14:54 | Build | Farm |
| 15:03 | Research | Horse Collar |
| 15:14 | Build | Farm |
| 15:17 | Build | Farm |
| 15:19 | Build | Farm |
| 15:29 | Create | Villager (Male) |
| 15:34 | Create | Archer |
| 15:57 | Build | Farm |
| 16:00 | Create | Villager (Male) |
| 16:11 | Create | Villager (Male) |
| 16:14 | Create | Archer |
| 16:18 | Create | Archer |
| 16:18 | Create | Archer |
| 16:31 | Build | Farm |
| 16:44 | Research | Padded Archer Armor |
| 16:45 | Research | Fletching |
| 16:47 | Create | Villager (Male) |
| 16:55 | Build | Farm |
| 16:57 | Create | Archer |
| 17:01 | Create | Villager (Male) |
| 17:03 | Create | Archer |
| 17:03 | Create | Archer |
| 17:20 | Build | Farm |
| 17:26 | Build | Farm |
| 17:34 | Create | Archer |
| 17:37 | Create | Villager (Male) |
| 18:03 | Create | Villager (Male) |
| 18:05 | Create | Archer |
| 18:05 | Create | Archer |
| 18:31 | Create | Villager (Male) |
| 18:45 | Create | Villager (Male) |
| 18:52 | Build | House |
| 18:54 | Build | House |
| 18:56 | Build | House |
| 19:04 | Create | Villager (Male) |
| 19:15 | Create | Archer |
| 19:31 | Create | Archer |
| 19:33 | Create | Villager (Male) |
| 19:42 | Build | Farm |
| 19:42 | Build | Farm |
| 19:52 | Build | Market |
| 20:23 | Research | Castle Age |
| 20:51 | Build | Farm |
| 20:52 | Build | Farm |
| 21:01 | Build | House |
| 21:02 | Build | House |
| 21:03 | Build | House |
| 21:04 | Build | House |
| 21:17 | Build | Mining Camp |
| 21:28 | Create | Archer |
| 21:28 | Create | Archer |
| 22:13 | Create | Archer |
| 22:14 | Create | Archer |
| 22:29 | Research | Wheelbarrow |
| 23:03 | Age | Castle Age |
| 23:04 | Research | Crossbowman (upgrade) |
| 23:05 | Research | Thumb Ring |
| 23:26 | Build | Town Center |
| 23:36 | Build | University |
| 23:39 | Create | Villager (Male) |
| 23:44 | Research | Leather Archer Armor |
| 23:50 | Create | Archer |
| 23:50 | Create | Archer |
| 23:50 | Create | Archer |
| 23:50 | Create | Archer |
| 24:52 | Research | Ballistics |
| 24:52 | Research | Heated Shot |
| 25:18 | Create | Villager (Male) |
| 25:19 | Create | Villager (Male) |
| 25:19 | Create | Villager (Male) |
| 25:42 | Create | Villager (Male) |
| 25:45 | Create | Archer |
| 25:46 | Create | Archer |
| 25:46 | Create | Archer |
| 25:46 | Create | Archer |
| 25:53 | Create | Villager (Male) |
| 25:54 | Create | Villager (Male) |
| 25:54 | Create | Villager (Male) |
Build order — Gırbanç
First 150 of 369 actions detected
| 0:01 | Create | Villager (Male) |
| 0:01 | Create | Villager (Male) |
| 0:02 | Build | House |
| 0:03 | Build | House |
| 0:04 | Create | Villager (Male) |
| 0:08 | Create | Villager (Male) |
| 0:08 | Create | Villager (Male) |
| 1:26 | Create | Villager (Male) |
| 1:47 | Build | Lumber Camp |
| 2:05 | Create | Villager (Male) |
| 2:25 | Create | Villager (Male) |
| 2:53 | Build | House |
| 2:53 | Create | Villager (Male) |
| 3:10 | Create | Villager (Male) |
| 3:51 | Create | Villager (Male) |
| 3:58 | Create | Villager (Male) |
| 3:58 | Create | Villager (Male) |
| 4:06 | Build | House |
| 4:33 | Build | Mill |
| 4:48 | Create | Villager (Male) |
| 4:48 | Create | Villager (Male) |
| 5:25 | Create | Villager (Male) |
| 6:02 | Create | Villager (Male) |
| 6:02 | Create | Villager (Male) |
| 6:02 | Create | Villager (Male) |
| 6:03 | Create | Villager (Male) |
| 6:38 | Create | Villager (Male) |
| 7:13 | Create | Villager (Male) |
| 7:13 | Create | Villager (Male) |
| 7:17 | Create | Villager (Male) |
| 7:35 | Research | Loom |
| 8:16 | Build | Mining Camp |
| 9:09 | Build | Palisade Wall |
| 9:10 | Build | Palisade Wall |
| 9:18 | Create | Villager (Male) |
| 9:19 | Create | Villager (Male) |
| 9:29 | Research | Feudal Age |
| 9:40 | Build | House |
| 9:49 | Create | Villager (Male) |
| 9:49 | Create | Villager (Male) |
| 10:05 | Build | Mill |
| 10:34 | Build | Farm |
| 11:32 | Age | Feudal Age |
| 11:36 | Build | Market |
| 11:42 | Build | Blacksmith |
| 12:03 | Build | Lumber Camp |
| 12:29 | Research | Castle Age |
| 12:53 | Build | Palisade Wall |
| 13:08 | Research | Double-Bit Axe |
| 13:39 | Build | Palisade Wall |
| 13:56 | Build | Barracks |
| 14:03 | Create | Villager (Male) |
| 14:03 | Create | Villager (Male) |
| 14:21 | Research | Horse Collar |
| 14:47 | Build | Lumber Camp |
| 14:55 | Age | Castle Age |
| 14:59 | Create | Villager (Male) |
| 14:59 | Create | Villager (Male) |
| 15:11 | Build | House |
| 15:13 | Build | House |
| 15:24 | Research | Bow Saw |
| 16:15 | Build | Town Center |
| 16:18 | Create | Villager (Male) |
| 16:20 | Create | Villager (Male) |
| 16:30 | Build | Farm |
| 16:30 | Build | Farm |
| 16:30 | Build | Farm |
| 16:44 | Build | Farm |
| 16:44 | Create | Villager (Male) |
| 16:53 | Build | House |
| 16:59 | Build | Palisade Gate |
| 17:07 | Build | Farm |
| 17:10 | Build | Farm |
| 17:16 | Build | Farm |
| 17:23 | Build | Farm |
| 17:34 | Build | Farm |
| 17:42 | Build | Farm |
| 17:47 | Create | Villager (Male) |
| 18:00 | Build | Palisade Wall |
| 18:01 | Create | Villager (Male) |
| 18:06 | Build | Farm |
| 18:10 | Build | Farm |
| 18:24 | Create | Villager (Male) |
| 18:29 | Build | Town Center |
| 18:30 | Create | Villager (Male) |
| 18:48 | Build | Farm |
| 18:54 | Create | Villager (Male) |
| 18:59 | Build | Lumber Camp |
| 19:01 | Create | Villager (Male) |
| 19:01 | Create | Villager (Male) |
| 19:11 | Build | Farm |
| 19:13 | Build | Farm |
| 19:15 | Create | Villager (Male) |
| 19:15 | Create | Villager (Male) |
| 19:26 | Create | Villager (Male) |
| 19:33 | Create | Villager (Male) |
| 19:34 | Create | Villager (Male) |
| 19:39 | Build | House |
| 19:42 | Build | House |
| 19:43 | Create | Villager (Male) |
| 19:49 | Build | Farm |
| 19:49 | Create | Villager (Male) |
| 19:55 | Build | Farm |
| 19:55 | Create | Villager (Male) |
| 19:56 | Create | Villager (Male) |
| 20:06 | Create | Spearman |
| 20:07 | Create | Spearman |
| 20:21 | Build | Stable |
| 20:26 | Create | Villager (Male) |
| 20:26 | Create | Villager (Male) |
| 20:32 | Build | Stable |
| 20:33 | Create | Villager (Male) |
| 20:43 | Build | Farm |
| 20:44 | Build | Mill |
| 20:49 | Create | Villager (Male) |
| 20:50 | Create | Villager (Male) |
| 20:54 | Build | Farm |
| 20:58 | Build | Farm |
| 20:58 | Create | Villager (Male) |
| 21:10 | Create | Villager (Male) |
| 21:19 | Build | Farm |
| 21:20 | Build | Farm |
| 21:20 | Build | Farm |
| 21:21 | Build | Farm |
| 21:25 | Create | Villager (Male) |
| 21:25 | Create | Villager (Male) |
| 21:30 | Build | Farm |
| 21:33 | Build | Farm |
| 21:38 | Create | Villager (Male) |
| 21:49 | Build | Farm |
| 21:49 | Build | Farm |
| 21:49 | Build | Farm |
| 21:51 | Build | Farm |
| 21:59 | Build | Farm |
| 22:00 | Create | Villager (Male) |
| 22:00 | Create | Villager (Male) |
| 22:00 | Create | Villager (Male) |
| 22:06 | Build | Farm |
| 22:13 | Build | House |
| 22:13 | Build | House |
| 22:14 | Create | Villager (Male) |
| 22:20 | Create | Villager (Male) |
| 22:21 | Create | Villager (Male) |
| 22:26 | Create | Villager (Male) |
| 22:26 | Create | Villager (Male) |
| 22:48 | Build | House |
| 22:49 | Create | Villager (Male) |
| 22:50 | Create | Villager (Male) |
| 22:53 | Create | Villager (Male) |
| 22:53 | Create | Villager (Male) |
Build order — Mo...
First 150 of 413 actions detected
| 0:01 | Create | Villager (Male) |
| 0:01 | Create | Villager (Male) |
| 0:02 | Build | House |
| 0:04 | Build | House |
| 0:10 | Create | Villager (Male) |
| 0:11 | Create | Villager (Male) |
| 1:26 | Create | Villager (Male) |
| 1:57 | Build | Lumber Camp |
| 2:00 | Create | Villager (Male) |
| 2:15 | Create | Villager (Male) |
| 2:46 | Create | Villager (Male) |
| 3:00 | Create | Villager (Male) |
| 3:22 | Build | Palisade Wall |
| 3:36 | Create | Villager (Male) |
| 3:55 | Build | House |
| 3:58 | Build | Palisade Wall |
| 4:01 | Build | Palisade Wall |
| 4:18 | Build | Palisade Wall |
| 4:28 | Create | Villager (Male) |
| 4:28 | Create | Villager (Male) |
| 4:36 | Create | Villager (Male) |
| 4:40 | Build | House |
| 5:30 | Create | Villager (Male) |
| 5:38 | Create | Villager (Male) |
| 5:39 | Create | Villager (Male) |
| 5:44 | Build | House |
| 6:18 | Create | Villager (Male) |
| 6:44 | Build | Mill |
| 7:35 | Create | Villager (Male) |
| 7:36 | Create | Villager (Male) |
| 8:03 | Create | Villager (Male) |
| 8:35 | Build | Mining Camp |
| 8:55 | Create | Villager (Male) |
| 8:59 | Research | Feudal Age |
| 10:04 | Build | House |
| 10:31 | Build | Farm |
| 10:42 | Create | Villager (Male) |
| 10:42 | Create | Villager (Male) |
| 10:50 | Build | Farm |
| 11:09 | Age | Feudal Age |
| 11:10 | Build | Market |
| 11:13 | Build | Blacksmith |
| 11:25 | Build | Farm |
| 11:59 | Research | Castle Age |
| 12:07 | Research | Double-Bit Axe |
| 12:37 | Build | Lumber Camp |
| 12:58 | Build | Farm |
| 13:06 | Build | Farm |
| 13:20 | Build | Palisade Gate |
| 14:03 | Create | Villager (Male) |
| 14:03 | Create | Villager (Male) |
| 14:39 | Age | Castle Age |
| 14:51 | Build | Town Center |
| 14:56 | Research | Bow Saw |
| 15:04 | Create | Villager (Male) |
| 15:07 | Build | House |
| 15:15 | Create | Villager (Male) |
| 15:17 | Research | Horse Collar |
| 15:37 | Build | House |
| 15:39 | Build | House |
| 16:01 | Build | Barracks |
| 16:14 | Create | Villager (Male) |
| 16:17 | Create | Villager (Male) |
| 16:20 | Create | Villager (Male) |
| 16:25 | Build | House |
| 16:44 | Create | Villager (Male) |
| 16:44 | Create | Villager (Male) |
| 16:52 | Build | Stable |
| 17:00 | Create | Villager (Male) |
| 17:06 | Build | Farm |
| 17:10 | Build | Farm |
| 17:11 | Create | Villager (Male) |
| 17:17 | Create | Villager (Male) |
| 17:23 | Build | Farm |
| 17:31 | Build | Stable |
| 17:34 | Create | Villager (Male) |
| 17:38 | Build | Farm |
| 17:42 | Build | Farm |
| 17:46 | Build | Farm |
| 17:47 | Create | Villager (Male) |
| 17:55 | Create | Knight |
| 18:03 | Build | Farm |
| 18:06 | Build | Farm |
| 18:08 | Build | Farm |
| 18:30 | Create | Knight |
| 18:30 | Create | Knight |
| 18:38 | Build | Farm |
| 18:39 | Build | Farm |
| 18:39 | Build | Farm |
| 18:39 | Build | Farm |
| 18:42 | Create | Villager (Male) |
| 18:45 | Build | Farm |
| 18:48 | Build | Farm |
| 18:48 | Build | Farm |
| 18:48 | Build | Farm |
| 18:49 | Build | Farm |
| 18:50 | Build | Farm |
| 18:55 | Create | Knight |
| 19:02 | Build | Farm |
| 19:07 | Build | Farm |
| 19:10 | Build | Farm |
| 19:13 | Create | Villager (Male) |
| 19:27 | Create | Villager (Male) |
| 19:28 | Create | Villager (Male) |
| 19:34 | Create | Villager (Male) |
| 19:43 | Build | Farm |
| 19:55 | Create | Knight |
| 19:55 | Create | Villager (Male) |
| 20:16 | Create | Villager (Male) |
| 20:16 | Create | Villager (Male) |
| 20:16 | Create | Villager (Male) |
| 20:23 | Build | Market |
| 20:29 | Create | Knight |
| 20:37 | Build | House |
| 20:39 | Build | House |
| 20:45 | Create | Villager (Male) |
| 20:46 | Create | Villager (Male) |
| 20:56 | Create | Villager (Male) |
| 20:58 | Create | Knight |
| 20:58 | Create | Knight |
| 21:07 | Research | Wheelbarrow |
| 21:15 | Create | Villager (Male) |
| 21:26 | Build | Farm |
| 21:36 | Create | Villager (Male) |
| 21:42 | Create | Knight |
| 21:47 | Research | Bloodlines |
| 21:57 | Research | Scale Barding Armor |
| 22:05 | Create | Villager (Male) |
| 22:17 | Build | Town Center |
| 22:25 | Create | Knight |
| 22:26 | Create | Knight |
| 22:30 | Create | Villager (Male) |
| 22:30 | Create | Villager (Male) |
| 22:38 | Create | Villager (Male) |
| 22:44 | Create | Villager (Male) |
| 22:51 | Create | Villager (Male) |
| 22:54 | Build | House |
| 22:56 | Build | House |
| 23:00 | Build | House |
| 23:02 | Build | House |
| 23:09 | Create | Knight |
| 23:10 | Create | Knight |
| 23:11 | Create | Villager (Male) |
| 23:16 | Build | House |
| 23:18 | Build | House |
| 23:21 | Build | House |
| 23:29 | Create | Knight |
| 23:30 | Create | Villager (Male) |
| 23:31 | Create | Villager (Male) |
| 23:38 | Create | Villager (Male) |
Match timeline
| 3:22 | Mo... · wall_segment Palisade Wall x12 |
| 3:58 | Mo... · wall_segment Palisade Wall x1 |
| 4:01 | Mo... · wall_segment Palisade Wall x1 |
| 4:18 | Mo... · wall_segment Palisade Wall x8 |
| 8:35 | murat · first_building Barracks |
| 8:53 | Blyatman · first_building Barracks |
| 9:09 | Gırbanç · wall_segment Palisade Wall x1 |
| 9:10 | Gırbanç · wall_segment Palisade Wall x1 |
| 9:34 | murat · wall_segment Palisade Wall x17 |
| 9:51 | Blyatman · age_up feudal |
| 9:56 | Blyatman · first_building Archery Range |
| 10:06 | murat · age_up feudal |
| 10:28 | murat · first_building Archery Range |
| 11:09 | Mo... · age_up feudal |
| 11:32 | Gırbanç · age_up feudal |
| 12:53 | Gırbanç · wall_segment Palisade Wall x4 |
| 13:39 | Gırbanç · wall_segment Palisade Wall x2 |
| 13:56 | Gırbanç · first_building Barracks |
| 14:39 | Mo... · age_up castle |
| 14:55 | Gırbanç · age_up castle |
| 15:23 | murat · wall_segment Palisade Wall x1 |
| 15:46 | murat · first_market_sell 100 wood |
| 15:50 | murat · first_market_buy 100 food |
| 16:01 | Mo... · first_building Barracks |
| 16:52 | Mo... · first_building Stable |
| 18:00 | Gırbanç · wall_segment Palisade Wall x10 |
| 19:32 | Gırbanç · first_market_buy 100 food |
| 19:58 | murat · age_up castle |
| 20:21 | Gırbanç · first_building Stable |
| 23:03 | Blyatman · age_up castle |
| 24:29 | Gırbanç · first_building Siege Workshop |
| 25:42 | Mo... · first_building Siege Workshop |
| 26:20 | Mo... · first_building Monastery |
| 30:02 | Gırbanç · first_market_sell 500 food |
| 32:36 | Blyatman · first_building Castle |
| 33:26 | Mo... · first_building Castle |
| 33:34 | murat · first_building Castle |
| 33:40 | murat · first_building Monastery |
| 34:17 | Gırbanç · first_building Castle |
| 34:28 | Gırbanç · age_up imperial |
| 34:38 | Mo... · first_market_sell 100 wood |
| 34:43 | Mo... · first_market_buy 100 food |
| 37:00 | Mo... · first_building Archery Range |
| 37:12 | Blyatman · first_building Siege Workshop |
| 38:00 | murat · age_up imperial |
| 38:06 | Mo... · age_up imperial |
| 38:46 | Blyatman · age_up imperial |
| 40:20 | Blyatman · first_market_buy 100 wood |
| 40:24 | Blyatman · first_market_sell 100 food |
| 42:19 | Mo... · resign |
[ AI ANALYSIS · 1 CREDIT ]
What really happened in this match?
Wolo.gg analyzes every decision: build order, eco, micro, common mistakes by bracket. Personalized analysis on WhatsApp or Discord in 30 seconds.
Civ guide
Britons
Perfil
Jugador #15520